 Dungeon Crawl Stone Soup version 0.19.0 (webtiles) character file.

362 tyranidshit the Skirmisher (level 6, -2/55 HPs)
             Began as a Demonspawn Abyssal Knight on Nov 1, 2016.
             Was a Believer of Lugonu.
             Shot with an arrow by a centaur (14 damage)
             ... on level 4 of the Dungeon.
             The game lasted 00:14:57 (3012 turns).

tyranidshit the Skirmisher (DsAK)                   Turns: 3012, Time: 00:14:58

Health: -2/55      AC: 12    Str: 13 (15) XL:     6   Next: 39%
Magic:  7/7        EV:  9    Int: 13      God:    Lugonu [**....]
Gold:   203        SH:  0    Dex: 12      Spells: 0 memorised, 5 levels left

rFire  . . .     SeeInvis .     s - +8 trident "Sanisir" {elec, rElec MR+ Stlth-}
rCold  . . .     Gourm    .     k - +1 scale mail
rNeg   . . .     Faith    .     (no shield)
rPois  .         Spirit   .     (helmet restricted)
rElec  +         Reflect  .     (no cloak)
rCorr  .         Harm     .     (no gloves)
MR     +....                    m - +2 pair of boots {run}
Stlth  ..........               g - amulet of magic regeneration
                                (no ring)
                                (no ring)

@: drained, quick
A: horns 1, yellow scales 1, rot immunity
a: Depart the Abyss, Bend Space, Renounce Religion


You were on level 4 of the Dungeon.
You worshipped Lugonu.
Lugonu was pleased with you.
You were not hungry.

You visited 1 branch of the dungeon, and saw 4 of its levels.
You visited the Abyss 1 time.
You also visited: Sewer.

You collected 203 gold pieces.

Inventory:

Hand Weapons
 a - a +2 hand axe
 i - a +2 flail of draining
 n - a +0 hand axe of draining
 q - a +0 war axe
 s - the +8 trident "Sanisir" (weapon) {elec, rElec MR+ Stlth-}
   (You found it in a sewer)

   Occasionally, upon striking a foe, it will discharge some electrical energy
   and cause terrible harm.
   It insulates you from electricity.
   It affects your resistance to hostile enchantments.
   It makes you less stealthy.
Armour
 b - a +0 leather armour
 d - +0 mottled dragon scales
 k - a +1 scale mail (worn)
 l - a +0 chain mail
 m - a +2 pair of boots of running (worn)
 o - a +1 helmet
Jewellery
 g - an amulet of magic regeneration (around neck)
Wands
 e - a wand of confusion (22/48)
 f - a wand of digging (10/24)
 r - a wand of slowing (16/48)
Scrolls
 j - a scroll of enchant weapon
 t - a scroll of fear
 u - 2 scrolls of teleportation
 v - 2 scrolls of magic mapping
 w - a scroll of identify
 y - a scroll of remove curse
Potions
 h - 2 potions of brilliance
 x - a potion of flight {unknown}
 z - 2 potions of haste {unknown}
 A - a potion of mutation {unknown}
Comestibles
 c - a bread ration
 p - a beef jerky


   Skills:
 + Level 7.3(6.8) Fighting
 - Level 1.7(1.3) Axes
 - Level 1.7(1.3) Armour
 - Level 0.8(0.4) Dodging
 - Level 2.4(2.0) Invocations


You had 5 spell levels left.
You didn't know any spells.

Dungeon Overview and Level Annotations

Branches:
Dungeon (4/15)
 Temple: D:4-7

Altars:
Cheibriados
Okawaru

Annotations:
D:4 murphy's ghost, weakling DECj


Innate Abilities, Weirdness & Mutations

You have a pair of small horns on your head.
You are partially covered in yellow scales. (AC +2)
You are immune to rotting.


Message History

The arrow hits you.
The centaur shoots an arrow.
The arrow hits you!
An orc comes into view. It is wielding a hand axe.
A quokka skeleton comes into view.
The orc shouts!
The centaur shoots an arrow.
The arrow hits you.
A worm and a giant cockroach come into view.
Murphy's ghost gestures at you while chanting.
The magic dart hits you!
You see here 2 arrows.
The centaur shoots an arrow.
The arrow closely misses you.
Murphy's ghost wails.
The howler monkey hoots and howls with incredible vigour!
You hear a shout!
The centaur shoots an arrow.
The arrow hits you!
* * * LOW HITPOINT WARNING * * *
You see here 2 arrows.
The centaur shoots an arrow.
The arrow hits you but does no damage.
You see here an arrow.
The centaur shoots an arrow.
The arrow hits you!
You die...

#.##...>.......w
#.##.......!....
###.#....>..W.....
###.................
..........(.Z.....#
#####.#.##.....c.....#
............h(.s....?.
#######..##..s.o.....#
#.....<.@((.###......#
#######.##### ......#
#..# ......# #.##
.##.... #. .# .##. #.
# #.


You could see a centaur, an orc and 2 giant cockroaches.

Vanquished Creatures
  Purgy (Sewer)
  A howler monkey (D:4)
  A hound (D:4)
  An orc wizard (D:3)
  Terence (D:2)
  Robin (D:2)
  4 adders
  An ooze (D:2)
  2 dart slugs
  5 leopard geckos
  3 orcs (D:3)
  9 bats
  4 giant cockroaches
  21 goblins
  8 hobgoblins
  3 jackals (D:2)
  4 kobolds
  A quokka (D:2)
  3 ball pythons
  9 frilled lizards
  10 rats
93 creatures vanquished.

Notes
Turn   | Place    | Note
-------+----------+-------------------------------------------
     0 | Abyss:1  | tyranidshit the Demonspawn Abyssal Knight began the quest for the Orb.
     0 | Abyss:1  | Reached XP level 1. HP: 18/18 MP: 2/2
    34 | Abyss:2  | Noticed a chaos spawn
    74 | Abyss:2  | Noticed an apocalypse crab
    75 | D:1      | Escaped the Abyss
   278 | D:1      | Gained mutation: You are partially covered in yellow scales. (AC +2) [demonic ancestry]
   278 | D:1      | Reached XP level 2. HP: 18/24 MP: 3/3
   915 | D:2      | Reached skill level 4 in Fighting
  1110 | D:2      | Gained mutation: You are immune to rotting. [demonic ancestry]
  1110 | D:2      | Reached XP level 3. HP: 29/30 MP: 4/4
  1112 | D:2      | Reached * piety under Lugonu
  1186 | D:2      | Noticed Robin
  1347 | D:2      | Noticed Terence
  1659 | D:2      | Killed Terence
  1659 | D:2      | Reached skill level 5 in Fighting
  1659 | D:2      | Reached XP level 4. HP: 27/39 MP: 5/5
  1741 | D:2      | Identified a +2 pair of boots of running (You found it on level 2 of the Dungeon)
  1786 | D:2      | Found a snail-covered altar of Cheibriados.
  2028 | D:2      | Killed Robin
  2175 | D:2      | Found an iron altar of Okawaru.
  2382 | D:3      | Found a glowing drain.
  2387 | D:3      | Reached ** piety under Lugonu
  2404 | Sewer    | Entered a sewer
  2410 | Sewer    | Reached XP level 5. HP: 36/46 MP: 6/6
  2435 | Sewer    | Noticed Purgy
  2442 | Sewer    | Killed Purgy
  2442 | Sewer    | Reached skill level 6 in Fighting
  2475 | Sewer    | Got an iridescent trident
  2476 | Sewer    | Identified the +8 trident "Sanisir" {elec, rElec MR+ Stlth-} (You found it in a sewer)
  2968 | D:3      | Gained mutation: You have a pair of small horns on your head. [demonic ancestry]
  2968 | D:3      | Reached XP level 6. HP: 49/53 MP: 7/7
  2990 | D:4      | Noticed murphy's ghost (weakling DECj)
  3000 | D:4      | Reached skill level 7 in Fighting
  3012 | D:4      | Shot with an arrow by a centaur

Skill      XL: |  1  2  3  4  5  6 |
---------------+-------------------+-----
Fighting       | 4 5 6 7 |  7.3
Axes           | |  1.7
Armour         | |  1.7
Dodging        | |  0.8
Invocations    | |  2.4

Action                   |  1- 3 |  4- 6 || total
-------------------------+-------+-------++-------
Melee: Hand axe          |   138 |    81 ||   219
       Trident           |       |    30 ||    30
Invok: Depart the Abyss  |     1 |       ||     1
Evoke: Wand              |       |    10 ||    10
  Use: Scroll            |     8 |     7 ||    15
       Potion            |     2 |     2 ||     4
  Eat: Bread ration      |     1 |     1 ||     2
       Chunk             |       |     1 ||     1
Armor: Leather armour    |    16 |       ||    16
       Scale mail        |    96 |    85 ||   181
Dodge: Dodged            |    97 |    63 ||   160
